Map: At Eternity's Edge LE

Players

RipNHammer

  • Race: Terran Terran
  • League: Master
  • Spawn Location: 5:00

Red - Winner!

  • Race: Terran Terran
  • League: Grandmaster
  • Spawn Location: 11:00

VOD

Have the link to the VOD?

Description

Time

  • Played on: Sept. 7, 2026, 12:56 p.m.
  • Length: 8:31
Show
View Real Time Build Order
Export as new Build Order

RipNHammer Terran 

Build Orders: Reaper Expand 

Get SALT Encoding   

  8  0:00  SCV  
  9  0:12  SCV  
  10  0:24  SCV  
  11  0:36  SCV  
  11  0:39  Supply Depot  
  12  0:49  SCV  
  13  1:01  SCV  
  13  1:02  Barracks  
  14  1:07  Refinery  
  14  1:13  SCV  
  15  1:18  Refinery  
  15  1:25  SCV  
  16  1:37  SCV  
  17  1:49  Reaper  
  17  1:50  Orbital Command  
  18  2:11  Factory  
  18  2:19  SCV  
  19  2:26  Supply Depot  
  19  2:29  Barracks Reactor  
  19  2:31  SCV  
  20  2:56  Starport  
  20  2:57  Factory Tech Lab  
  19  3:09  Command Center  
  19  3:13  SCV  
  20  3:21  Marine x2  
  22  3:28  Cyclone  
  22  3:33  SCV  
  26  3:39  Marine  
  27  3:47  Marine  
  27  3:59  Starport Tech Lab  
  27  4:00  SCV  
  29  4:15  Supply Depot  
  29  4:17  SCV  
  29  4:27  Marine x2, Siege Tank  
  34  4:32  Raven  
  34  4:34  Interference Matrix  
  34  4:37  SCV  
  37  4:49  SCV  
  37  5:02  Siege Tank, Marine x2  
  37  5:03  SCV  
  37  5:06  Orbital Command  
  42  5:09  Refinery  
  42  5:12  Raven  
  44  5:15  SCV  
  45  5:25  Supply Depot  
  45  5:27  SCV  
  46  5:32  SCV  
  46  5:49  SCV  
  32  6:03  SCV x2  
  31  6:05  Marine x2  
  31  6:07  Raven  
  31  6:23  Marine  
  32  6:26  SCV x2  
  34  6:38  SCV x2  
  36  6:50  SCV x2  
  38  6:56  Refinery  
  38  7:02  SCV x2, Command Center  
  40  7:12  Siege Tank  
  40  7:13  Marine  
  40  7:14  SCV x2, Raven  
  48  7:26  SCV x2  
  48  7:28  Marine  
  51  7:38  SCV  
  51  7:39  SCV  
  51  7:42  Marine  
  51  7:44  Siege Tank  
  57  7:49  Raven  
  59  7:51  Marine  
  59  7:52  SCV x2  
  59  7:56  Supply Depot  
  63  8:05  SCV  
  63  8:06  SCV  
Show
View Real Time Build Order
Export as new Build Order

Red Terran - Winner!

Build Orders:  

Get SALT Encoding   

  8  0:00  SCV  
  9  0:12  SCV  
  10  0:24  SCV  
  10  0:28  Supply Depot  
  11  0:36  SCV  
  12  0:48  SCV  
  13  0:53  Barracks  
  13  1:00  SCV  
  14  1:05  Refinery  
  14  1:13  SCV  
  15  1:25  SCV  
  16  1:40  Orbital Command  
  16  1:42  Barracks Tech Lab  
  16  1:59  Command Center  
  16  2:07  SCV  
  17  2:11  Marauder  
  19  2:18  Concussive Shells  
  19  2:26  SCV  
  20  2:42  Supply Depot  
  20  2:48  Factory  
  19  2:54  SCV  
  20  3:04  Marauder  
  20  3:05  Refinery  
  22  3:15  SCV  
  23  3:28  SCV  
  24  3:35  Starport  
  24  3:40  SCV  
  26  3:45  Orbital Command  
  24  3:54  Command Center  
  24  3:55  SCV  
  25  3:57  Barracks Reactor  
  25  3:59  Cyclone  
  28  4:07  SCV  
  27  4:11  SCV  
  28  4:20  Liberator  
  28  4:23  SCV  
  32  4:26  Refinery  
  32  4:31  SCV  
  32  4:35  SCV  
  34  4:38  Supply Depot  
  34  4:40  Marine x2  
  34  4:43  SCV  
  37  4:47  SCV  
  37  4:49  Siege Tank  
  41  4:55  SCV  
  39  5:07  SCV  
  39  5:08  SCV, Starport Tech Lab  
  39  5:09  Orbital Command  
  41  5:17  Marine  
  41  5:18  Marine  
  41  5:20  SCV x2  
  45  5:27  Raven  
  47  5:28  Siege Tank  
  47  5:33  Supply Depot  
  47  5:35  SCV  
  51  5:41  Interference Matrix  
  51  5:42  Marine x2  
  53  5:44  SCV x2  
  48  6:00  Marine x2  
  48  6:03  SCV  
  46  6:06  SCV x2  
  46  6:07  Raven  
  50  6:15  SCV  
  51  6:18  SCV x2  
  51  6:22  Siege Tank  
  51  6:23  Marine  
  56  6:27  SCV  
  56  6:30  SCV x2  
  59  6:39  SCV  
  60  6:42  SCV  
  60  6:43  SCV, Raven, Supply Depot  
  64  6:50  Marine x2  
  63  6:55  Barracks  
  63  6:56  Barracks  
  63  6:57  Siege Tank  
  63  6:58  SCV  
  67  7:01  SCV x2  
  67  7:02  Supply Depot  
  67  7:03  Refinery  
  69  7:11  SCV  
  69  7:12  Engineering Bay  
  69  7:13  Engineering Bay, SCV x2  
  69  7:14  Supply Depot  
  72  7:23  SCV  
  72  7:25  SCV  
  72  7:27  Viking x2  
  72  7:28  Orbital Command  
  79  7:34  Supply Depot  
  77  7:41  SCV  
  77  7:42  SCV  
  77  7:53  SCV  
  77  7:54  SCV x2  
  77  7:56  Viking  
  80  8:05  SCV  
  80  8:06  SCV x2  
Tags
 
Add a new tag
Caveats
  • Supply blocks, unpowered buildings, or Contaminate may cause inaccurate times.
  • Supply counts are checked every 10 seconds.